 Dungeon Crawl Stone Soup version 0.28-a0-620-g539b0f7ac7 (webtiles) character file.

Game seed: 15315503863779525444

88 Rennog the Grave Robber (level 4, -3/32 HPs)
             Began as a Gnoll Necromancer on Oct 6, 2021.
             Killed from afar by Sigmund (8 damage)
             ... with a puff of flame
             ... on level 3 of the Dungeon.
             The game lasted 00:03:06 (2244 turns).

Rennog the Grave Robber (Gnoll Necromancer)         Turns: 2244, Time: 00:03:06

Health: -3/32      AC:  2    Str:  9    XL:     4   Next: 54%
Magic:  0/11       EV: 13    Int: 14    God:
Gold:   71         SH:  0    Dex: 12    Spells: 9/13 levels left

rFire   . . .      SeeInvis .   h - +0 mace
rCold   . . .      Faith    .   (no shield)
rNeg    . . .      Spirit   .   a - +0 robe
rPois   .          Reflect  .   (no helmet)
rElec   .          Harm     .   (no cloak)
rCorr   .          Rampage  .   (no gloves)
Will    .....                   (no boots)
Stlth   ++........              (no amulet)
HPRegen 0.10/turn               (no ring)
MPRegen 0.12/turn               (no ring)

@: no status effects
A: fangs 1, strong nose, distributed training
a: no special abilities


You were on level 3 of the Dungeon.
You visited 1 branch of the dungeon, and saw 3 of its levels.

You collected 71 gold pieces.

Inventory:

Hand Weapons
 h - a +0 mace (weapon)
Armour
 a - a +0 robe (worn)
 g - a +0 plate armour
Scrolls
 c - 3 scrolls of fog {unknown}
 d - a scroll of blinking {unknown}
 e - a scroll of torment {unknown}
 f - a scroll of noise {unknown}
 j - 2 scrolls of identify {unknown}
 k - a scroll of fear {unknown}
 m - a scroll of enchant weapon {unknown}
Potions
 b - a potion of attraction {unknown}
 i - 2 potions of curing {unknown}
 l - a potion of lignification {unknown}


   Skills:
 + Level 1.2 Fighting
 + Level 1.2 Short Blades
 + Level 1.2 Long Blades
 + Level 1.2 Axes
 + Level 1.2 Maces & Flails
 + Level 1.2 Polearms
 + Level 1.2 Staves
 + Level 1.2 Slings
 + Level 1.2 Bows
 + Level 1.2 Crossbows
 + Level 1.2 Throwing
 + Level 1.2 Armour
 + Level 4.6 Dodging
 + Level 4.3 Stealth
 + Level 1.2 Shields
 + Level 1.2 Unarmed Combat
 + Level 5.1 Spellcasting
 + Level 1.0 Conjurations
 + Level 1.0 Hexes
 + Level 1.0 Summonings
 + Level 7.1 Necromancy
 + Level 1.0 Translocations
 + Level 1.0 Transmutations
 + Level 1.0 Fire Magic
 + Level 1.0 Ice Magic
 + Level 1.0 Air Magic
 + Level 1.0 Earth Magic
 + Level 1.0 Poison Magic
 + Level 1.3 Invocations
 + Level 1.2 Evocations


You had 9 spell levels left.
You knew the following spells:

 Your Spells              Type           Power      Damage    Failure   Level
a - Pain                  Necr           92%        1d8       1%          1
b - Vampiric Draining     Necr           11%        2d7       2%          3

Your spell library contained the following spells:

 Spells                   Type           Power      Damage    Failure   Level
 Animate Skeleton         Necr           46%        N/A       1%          1
 Animate Dead             Necr           11%        N/A       9%          4
 Agony                    Necr           23%        N/A       26%         5


Dungeon Overview and Level Annotations

Branches:
Dungeon (3/15)

Altars:
Hepliaklqana

Shops:
D:1 ?

Annotations:
D:3 Sigmund


Innate Abilities, Weirdness & Mutations

You have very sharp teeth.
Your uncanny sense of smell can sniff out nearby items.
Your experience applies equally to all skills.


Message History

Sigmund points at you and mumbles some strange words.
You are confused.
You bump into the rock wall.
The ball python closely misses you. The ball python barely misses you.
The ball python misses you. The ball python grabs you.
The ball python constricts you.
You escape the ball python's grasp.
The ball python barely misses you. The ball python grabs you.
The ball python constricts you.
You're too confused to move!
Sigmund points at you and mumbles some strange words.
You resist with some effort. The ball python bites you.
* * * LOW HITPOINT WARNING * * *
The ball python constricts you.
You bump into the rock wall.
You feel less confused. The ball python misses you.
The ball python constricts you.
* * * LOW HITPOINT WARNING * * *
You escape the ball python's grasp.
Sigmund gestures at you while chanting. You resist with some effort.
You hear a zap.
You hear a grinding noise.
The ball python barely misses you. The ball python grabs you.
The ball python constricts you.
* * * LOW HITPOINT WARNING * * *
You escape the ball python's grasp.
Casting: Vampiric Draining (dangerous; 2% risk of failure)
Confirm with . or Enter, or press ? or * to list all spells.
You don't know that spell.
Unknown command.
Casting: Vampiric Draining (dangerous; 2% risk of failure)
Confirm with . or Enter, or press ? or * to list all spells.
Aiming: Vampiric Draining (dangerous; 2% risk of failure)
Press: ? - help, Shift-Dir - straight line, f - ball python, p - Sigmund
Aim: a ball python You draw life force from the ball python.
You kill the ball python!
You feel life coursing into your body.
Sigmund points at you and mumbles some strange words.
The puff of flame hits you!
You die...

#.##.(####### ##..
#........ ..# .#.
#.##...# #†# #..
#.##.@#####.####..
#.##.#..@.........
.######.#.###...........
...........#.####.#....#
.######†###..# #.##.#..
#@# ##.# #.##.#.#
###.####.## #.##.#.#
#.......... ..##.#.#
#.####.###. .###.#.# #.#
# ... ..# #.# .. .. #.#
# #.# # #.#


You could see Sigmund.

Vanquished Creatures
  Jessica (D:2)
  2 adders
  2 dart slugs (D:2)
  3 ball pythons
  4 endoplasms
  2 giant cockroaches
  4 goblins
  6 hobgoblins
  3 jackals (D:1)
  3 quokkas
  2 bats
  4 frilled lizards (D:2)
  A kobold (D:2)
  A rat (D:2)
38 creatures vanquished.

Notes
Turn   | Place    | Note
-------+----------+-------------------------------------------
     0 | D:1      | Rennog the Gnoll Necromancer began the quest for the Orb.
     0 | D:1      | Reached XP level 1. HP: 13/13 MP: 6/6
   308 | D:1      | Reached XP level 2. HP: 15/19 MP: 3/7
   387 | D:1      | Found Walom's Magic Scroll Boutique.
  1262 | D:2      | Reached XP level 3. HP: 24/25 MP: 7/9
  1266 | D:2      | Learned a level 3 spell: Vampiric Draining
  1325 | D:2      | Reached skill level 5 in Spellcasting
  1443 | D:2      | Reached skill level 1 in Invocations
  1488 | D:2      | Noticed Jessica
  1491 | D:2      | Killed Jessica
  1492 | D:2      | Reached skill level 1 in Fighting
  1492 | D:2      | Reached skill level 1 in Short Blades
  1492 | D:2      | Reached skill level 1 in Long Blades
  1492 | D:2      | Reached skill level 1 in Axes
  1492 | D:2      | Reached skill level 1 in Maces & Flails
  1492 | D:2      | Reached skill level 1 in Polearms
  1492 | D:2      | Reached skill level 1 in Staves
  1492 | D:2      | Reached skill level 1 in Slings
  1492 | D:2      | Reached skill level 1 in Bows
  1492 | D:2      | Reached skill level 1 in Crossbows
  1492 | D:2      | Reached skill level 1 in Throwing
  1492 | D:2      | Reached skill level 1 in Armour
  1492 | D:2      | Reached skill level 1 in Shields
  1492 | D:2      | Reached skill level 1 in Unarmed Combat
  1492 | D:2      | Reached skill level 1 in Evocations
  1492 | D:2      | Reached XP level 4. HP: 28/32 MP: 7/11
  2102 | D:3      | Found a hazy altar of Hepliaklqana.
  2213 | D:3      | Noticed Sigmund
  2217 | D:3      | Reached skill level 1 in Conjurations
  2217 | D:3      | Reached skill level 1 in Hexes
  2217 | D:3      | Reached skill level 1 in Summonings
  2217 | D:3      | Reached skill level 1 in Translocations
  2217 | D:3      | Reached skill level 1 in Transmutations
  2217 | D:3      | Reached skill level 1 in Fire Magic
  2217 | D:3      | Reached skill level 1 in Ice Magic
  2217 | D:3      | Reached skill level 1 in Air Magic
  2217 | D:3      | Reached skill level 1 in Earth Magic
  2217 | D:3      | Reached skill level 1 in Poison Magic
  2244 | D:3      | Killed from afar by Sigmund

Illustrated notes

Levels and vault maps discovered:
D:1:      erik_arrival_triangle_medium, layout_rooms, serial_shops,
          shop_fountains, minmay_pentomino_x4
D:2:      minmay_door_path, layout_basic, uniq_jessica
D:3:      layout_loops_ring, mainiacjoe_overflow_six_doors_small,
          chequers_big_river, uniq_sigmund

Skill      XL: |  1  2  3  4 |
---------------+-------------+-----
Spellcasting   | 5 |  5.1
Invocations    | 1 |  1.3
Fighting       | 1 |  1.2
Short Blades   | 1 |  1.2
Long Blades    | 1 |  1.2
Axes           | 1 |  1.2
Maces & Flails | 1 |  1.2
Polearms       | 1 |  1.2
Staves         | 1 |  1.2
Slings         | 1 |  1.2
Bows           | 1 |  1.2
Crossbows      | 1 |  1.2
Throwing       | 1 |  1.2
Armour         | 1 |  1.2
Shields        | 1 |  1.2
Unarmed Combat | 1 |  1.2
Evocations     | 1 |  1.2
Conjurations   | 1 |  1.0
Hexes          | 1 |  1.0
Summonings     | 1 |  1.0
Translocations | 1 |  1.0
Transmutations | 1 |  1.0
Fire Magic     | 1 |  1.0
Ice Magic      | 1 |  1.0
Air Magic      | 1 |  1.0
Earth Magic    | 1 |  1.0
Poison Magic   | 1 |  1.0
Dodging        | |  4.6
Stealth        | |  4.3
Necromancy     | |  7.1

Action                   |  1- 3 |  4- 6 || total
-------------------------+-------+-------++-------
Melee: Unarmed           |     1 |       ||     1
       Mace              |     1 |       ||     1
 Cast: Pain              |    41 |    20 ||    61
       Vampiric Draining |     2 |     3 ||     5
Armor: Robe              |     1 |       ||     1
Dodge: Dodged            |     8 |    13 ||    21

Table legend: (Time is in decaauts)
 A = Elapsed time spent in this place.
 B = Non-inter-level travel time spent in this place.
 C = Inter-level travel time spent in this place.
 D = Time resting spent in this place.
 E = Time spent auto-exploring this place.
 F = Levels seen in this place.
 G = Mean time per level.
                   A        B        C        D        E       F      G
               +--------+--------+--------+--------+--------+-----+--------+
         Total |   2243 |   2175 |     68 |      0 |   1958 |   3 |  747.7 |
       Dungeon |   2243 |   2175 |     68 |      0 |   1958 |   3 |  747.7 |
               +--------+--------+--------+--------+--------+-----+--------+

Top non-repeatable levels by time:
     D:1: 1156 daAuts
     D:2: 926 daAuts
     D:3: 160 daAuts
